 Dungeon Crawl Stone Soup version 0.29.0-4-gdea44cf6ec (webtiles) character file.

Game seed: 6177463969702878034

198 qw the Chopper (level 5, -6/30 HPs)
             Began as a Tengu Warper on Aug 28, 2022.
             Splashed by a jelly's acid (10 damage)
             ... on level 4 of the Dungeon.
             The game lasted 00:00:21 (4023 turns).

qw the Chopper (Tengu Warper)                       Turns: 4023, Time: 00:00:22

Health: -6/30      AC:  2    Str: 16    XL:     5   Next: 77%
Magic:  9/9        EV: 11    Int: 14    God:
Gold:   102        SH:  5    Dex: 13    Spells: 8/8 levels left

rFire   . . .      SeeInvis +   Y - +0 war axe
rCold   x . .      Faith    .   (no shield)
rNeg    . . .      Spirit   .   l - +0 scale mail
rPois   .          Reflect  +   (helmet restricted)
rElec   .          Harm     .   (no cloak)
rCorr   .          Rampage  .   (no gloves)
Will    .....                   (boots unavailable)
Stlth   +.........              h - amulet of reflection
HPRegen 0.10/turn               a - ring of the Enemy {rC- Str+3 Slay+3 SInv Stlth+}
MPRegen 0.11/turn               (no ring)

@: about to teleport, corroded, flying quickly and evasively, quick
A: beak, talons 3, nimble flight
a: no special abilities


You were on level 4 of the Dungeon.
You visited 1 branch of the dungeon, and saw 4 of its levels.

You collected 102 gold pieces.


Innate Abilities, Weirdness & Mutations

You have a beak for a mouth.
You have claws for feet.
Your magical nature lets you fly swiftly and evasively.


   Skills:
 - Level 2.0 Fighting
 + Level 6.4 Axes
 - Level 1.0 Throwing
 - Level 1.1 Armour
 - Level 2.1 Dodging
 - Level 2.0 Spellcasting
 - Level 2.4 Translocations


You had 8 spell levels left.
You didn't know any spells.
Your spell library contained the following spells:

 Spells                   Type           Power      Damage    Failure   Level
 Blink                    Tloc           16%        N/A       45%         2
 Gell's Gravitas          Tloc           8%         N/A       69%         3
 Lesser Beckoning         Tloc           8%         N/A       69%         3
 Teleport Other           Tloc           8%         N/A       69%         3
 Manifold Assault         Tloc           8%         N/A       100%        5

Inventory:

Hand Weapons
 j - a +0 morningstar
 Y - a +0 war axe (weapon)
Armour
 l - a +0 scale mail (worn)
Jewellery
 a - the ring of the Enemy (left hand) {rC- Str+3 Slay+3 SInv Stlth+}
   (You acquired it on level 2 of the Dungeon)

   [ring of see invisible]

   Str:       It affects your strength (+3).
   Slay:      It affects your accuracy & damage with ranged weapons and melee
   (+3).
   rC:        It makes you vulnerable to cold.
   SInv:      It lets you see invisible.
   Stlth:     It makes you more stealthy.
 d - a ring of protection from fire
 h - an amulet of reflection (around neck)
Scrolls
 c - 2 scrolls of teleportation
 f - a scroll of torment {unknown}
 g - 2 scrolls of identify
Potions
 e - 2 potions of curing
 i - a potion of might

Dungeon Overview and Level Annotations

Branches:
Dungeon (4/15)
 Temple: D:4-7

Altars:
Hepliaklqana


Message History

You kill the kobold!
c - 3 scrolls of teleportation (gained 1)
Things that are here:
a +0 dagger; a kobold corpse An endoplasm comes into view.
You see here a ring of protection from fire.
The endoplasm quivers.
d - a ring of protection from fire You hit the endoplasm.
The endoplasm is heavily wounded.
The endoplasm freezes you.
You are frozen.
You feel a terrible chill! The endoplasm freezes you.
You are frozen!
You feel a terrible chill!
You slash the endoplasm!
You kill the endoplasm!
You start resting.
HP restored.
Found a scroll of fog.
f - a scroll labelled UCKURO CEMAL
j - a +0 morningstar
4007 ||| DROPPING +0 flail.
You drop a +0 flail.
You see here a +0 ring mail.
A jelly and a bullfrog come into view.
The jelly quivers.
The bullfrog gives a loud, deep croak!
You barely miss the bullfrog. You claw the bullfrog. You peck the bullfrog!
The bullfrog is severely wounded.
The bullfrog barely misses you. The bullfrog hits you.
You barely miss the bullfrog. You claw the bullfrog. You peck the bullfrog.
You kill the bullfrog!
Your Axes skill increases to level 6!
You barely miss the jelly. You peck the jelly, but do no damage.
The jelly hits you. The acid corrodes you!
You are splashed with acid!
The jelly hits you.
You are splashed with acid!
4023 ||| READING 3 scrolls of teleportation.
As you read the scroll of teleportation, it crumbles to dust.
You feel strangely unstable. The jelly hits you.
You are splashed with acid!
You die...

..# ..# # ... .#### ...
#.##!.... .....# #........
........#### #........
.......#....###%J..###.#
........###..##@#....#.##
............[...#..# ...#
.........#..#.....# ...
#........#[......##.# .
#.?.................###..
...###..............).......
.............####.....####..
.......).....#......)<...#
...............^.....).#..#


You could see a jelly.

Vanquished Creatures
  A bullfrog (D:4)
  4 adders
  A worm (D:2)
  4 dart slugs
  9 orcs
  7 endoplasms
  A giant cockroach (D:3)
  7 hobgoblins
  6 jackals
  3 quokkas
  9 ball pythons
  4 bats
  3 frilled lizards
  7 goblins
  5 kobolds
  10 rats
81 creatures vanquished.

Notes
Turn   | Place    | Note
-------+----------+-------------------------------------------
     0 | D:1      | qw the Tengu Warper began the quest for the Orb.
     0 | D:1      | Reached XP level 1. HP: 12/12 MP: 4/4
     0 | D:1      | 0 ||| qw: Version: 0.1-a-89-g26bdef1
     0 | D:1      | 0 ||| qw: Game counter: 3059
     0 | D:1      | 0 ||| qw: Always use a shield: true
     0 | D:1      | 0 ||| qw: God list: Okawaru
     0 | D:1      | 0 ||| qw: Allow faded altars: false
     0 | D:1      | 0 ||| qw: Do Orc after D:15 true
     0 | D:1      | 0 ||| qw: Do second Lair branch before Depths: true
     0 | D:1      | 0 ||| qw: Lair rune preference: random
     0 | D:1      | 0 ||| qw: Plans: Normal
     0 | D:1      | 0 ||| PLANNING D:1-11
   220 | D:1      | 220 ||| Stepping ~*~*~tactically~*~*~ (hiding).
   322 | D:1      | 322 ||| Stepping ~*~*~tactically~*~*~ (hiding).
   327 | D:1      | 327 ||| Stepping ~*~*~tactically~*~*~ (hiding).
   419 | D:1      | Reached skill level 3 in Axes
   419 | D:1      | Reached XP level 2. HP: 17/17 MP: 6/6
  1043 | D:1      | 1043 ||| Stepping ~*~*~tactically~*~*~ (hiding).
  1057 | D:1      | Reached XP level 3. HP: 12/21 MP: 7/7
  1431 | D:1      | Found a faded altar of an unknown god.
  1507 | D:1      | 1507 ||| UPGRADING to +0 scale mail.
  1517 | D:1      | 1517 ||| DROPPING +0 leather armour.
  1518 | D:1      | 1518 ||| DROPPING ring of magical power.
  1519 | D:1      | 1519 ||| READING scroll labelled FOIFI TATSOIG.
  1520 | D:1      | 1520 ||| READING 2 scrolls labelled VAUTRE FATIYF.
  1521 | D:1      | 1521 ||| READING scroll labelled TIULAOTIEBE.
  1522 | D:1      | 1522 ||| READING scroll labelled TUNKI ERIVYC.
  1523 | D:1      | 1523 ||| READING scroll labelled ZAFEM EZA ZOI.
  1524 | D:1      | 1524 ||| READING scroll labelled PYMOOC NAONYL.
  1528 | D:1      | 1528 ||| DRINKING 3 brown potions.
  1529 | D:1      | 1529 ||| DROPPING scroll of blinking.
  1630 | D:2      | Reached skill level 4 in Axes
  1783 | D:2      | 1783 ||| FLEEEEING.
  1932 | D:2      | 1932 ||| READING scroll of enchant weapon.
  1932 | D:2      | 1932 ||| ENCHANTING +1 hand axe.
  2077 | D:2      | Found a hazy altar of Hepliaklqana.
  2214 | D:2      | 2214 ||| Stepping ~*~*~tactically~*~*~ (stealth).
  2363 | D:2      | Reached XP level 4. HP: 26/26 MP: 8/8
  2518 | D:2      | 2518 ||| SWAPPING to +0 war axe.
  2519 | D:2      | 2519 ||| DROPPING +2 hand axe.
  2600 | D:2      | Identified the +6 spear of Wariness {drain, Fragile +Blink
                  | rPois Will-}
  2744 | D:2      | 2744 ||| DROPPING amulet of faith.
  2745 | D:2      | 2745 ||| READING scroll labelled FIXZOE TUQOSS.
  2745 | D:2      | Identified a scroll of acquirement
  2745 | D:2      | 2745 ||| ACQUIRING ring of the Enemy {rC- Str+3 Slay+3 SInv
                  | Stlth+}
  2745 | D:2      | Acquired the ring of the Enemy {rC- Str+3 Slay+3 SInv
                  | Stlth+}
  2747 | D:2      | 2747 ||| UPGRADING to ring of the Enemy {rC- Str+3 Slay+3
                  | SInv Stlth+}.
  2748 | D:2      | 2748 ||| READING scroll labelled JYMPAG DOBITILL.
  2749 | D:2      | 2749 ||| READING scroll labelled UTUTAG PIJU.
  2850 | D:2      | 2850 ||| READING 3 scrolls of identify.
  2850 | D:2      | 2850 ||| IDENTIFYING smoky yellow potion
  2870 | D:3      | Reached skill level 5 in Axes
  2994 | D:3      | 2994 ||| Stepping ~*~*~tactically~*~*~ (hiding).
  2995 | D:3      | 2995 ||| Stepping ~*~*~tactically~*~*~ (hiding).
  3030 | D:3      | 3030 ||| DROPPING +0 whip.
  3073 | D:3      | 3073 ||| Stepping ~*~*~tactically~*~*~ (stealth).
  3525 | D:3      | Gained mutation: Your magical nature lets you fly swiftly
                  | and evasively. [Tengu growth]
  3525 | D:3      | Reached XP level 5. HP: 30/30 MP: 9/9
  3728 | D:3      | 3728 ||| DROPPING +2 leather armour of willpower.
  3729 | D:3      | 3729 ||| UPGRADING to amulet of reflection.
  3734 | D:3      | 3734 ||| READING 2 scrolls labelled KEDOPP MEUTZ.
  3735 | D:3      | 3735 ||| READING scroll labelled ANONUANEFEWN.
  3736 | D:3      | 3736 ||| READING 3 scrolls of identify.
  3736 | D:3      | 3736 ||| IDENTIFYING yellow potion
  3737 | D:3      | 3737 ||| DROPPING potion of brilliance.
  3738 | D:3      | 3738 ||| DROPPING scroll of fear.
  3751 | D:4      | 3751 ||| STAIRDANCE
  3783 | D:4      | 3783 ||| STAIRDANCE
  3854 | D:4      | 3854 ||| STAIRDANCE
  3861 | D:4      | 3861 ||| STAIRDANCE
  3866 | D:4      | 3866 ||| STAIRDANCE
  4007 | D:4      | 4007 ||| DROPPING +0 flail.
  4022 | D:4      | Reached skill level 6 in Axes
  4022 | D:4      | HP: 5/30 [acid (10)]
  4023 | D:4      | 4023 ||| READING 3 scrolls of teleportation.
  4023 | D:4      | Splashed by a jelly's acid

Levels and vault maps discovered:
D:1:      dpeg_arrival_line_fractal, layout_loops_corners,
          hellmonk_ecumenical_altar_arch_garden, minmay_box_of_dots
D:2:      layout_loops_corners, basic_altar, minmay_octomino_j4
D:3:      layout_basic, kennysheep_another_room, minivault_19,
          hangedman_decor_points, minmay_checkerbox
D:4:      layout_rooms, lightli_minifort, uniq_sigmund

Skill      XL: |  1  2  3  4  5 |
---------------+----------------+-----
Axes           | 3 4 5 6 |  6.4
Fighting       | |  2.0
Throwing       | |  1.0
Armour         | |  1.1
Dodging        | |  2.1
Spellcasting   | |  2.0
Translocations | |  2.4

Action                   |  1- 3 |  4- 6 || total
-------------------------+-------+-------++-------
Melee: Hand axe          |    93 |    17 ||   110
       Kick              |    19 |    18 ||    37
       Peck              |    13 |     8 ||    21
       Punch             |     2 |     1 ||     3
       War axe           |       |    51 ||    51
Throw: Boomerang         |     7 |       ||     7
  Use: Scroll            |     7 |     8 ||    15
       Potion            |     1 |       ||     1
Armor: Leather armour    |    13 |       ||    13
       Scale mail        |    12 |    14 ||    26
Dodge: Dodged            |    33 |    30 ||    63
Block: Other             |       |     9 ||     9
       Reflection        |       |     1 ||     1

Table legend:
 A = Non-vault XP
 B = Vault XP
 C = Vault XP percentage of total XP
 D = Non-vault monster count
 E = Vault monster count
 F = Vault count percentage of total count
                 A         B        C        D         E       F
            +---------+---------+-------+---------+---------+-------
      Total |     265 |      19 |   6.7 |      70 |      11 |  13.6
            +---------+---------+-------+---------+---------+-------
        D:1 |      33 |       6 |  15.4 |      18 |       3 |  14.3
        D:2 |      67 |       6 |   8.2 |      24 |       4 |  14.3
        D:3 |      72 |       7 |   8.9 |      23 |       4 |  14.8
        D:4 |      93 |       0 |   0.0 |       5 |       0 |   0.0
            +---------+---------+-------+---------+---------+-------
